Cogmind - Beta 12 @@@ ROGUE MODE // 2023.11.09 @ 05:00:08 Player: Ev Result: Destroyed self via exploding Fusion Modulator Performance ------------- Evolutions (0) 0 Regions Visited (1) 200 Robots Destroyed (18) 90 Value Destroyed (470) 470 Prototype IDs (0) 0 Alien Tech Used (0) 0 Bonus (0) 0 TOTAL SCORE: 760 Bonus ------- None Cogmind --------- Core Integrity 0/250 Matter 264/300 Energy 250/250 System Corruption 0% Temperature Warning (313) Movement Rolling (100) Location -10/Materials Parts ------- > --- POWER (1) -------- Ion Engine > --- PROPULSION (2) --- Compact Wheel Compact Wheel > --- UTILITY (2) ------ Small Storage Unit Hacking Suite > --- WEAPON (2) ------- Beam Cannon Light Cannon > --- INVENTORY (8) ---- Ion Engine Targeting Computer Assault Rifle Peak State ------------ > --- POWER ------------ Ion Engine > --- PROPULSION ------- Compact Wheel Compact Wheel > --- UTILITY ---------- Small Storage Unit Hacking Suite > --- WEAPON ----------- Medium Laser Light Cannon > --- INVENTORY -------- Ion Engine Assault Rifle [Rating: 9] Favorites ----------- Power Ion Engine Engine Ion Engine Propulsion Compact Wheel Wheel Compact Wheel Utility Small Storage Unit Storage Small Storage Unit Hackware Hacking Suite Weapon Medium Laser Energy Gun Medium Laser Energy Cannon Beam Cannon Ballistic Gun Assault Rifle Ballistic Cannon Light Cannon Build | -11 -10 ------- Run | Jun Mat Slots Evolved . | . . Power . | . . Propulsion . | . . Utility . | . . Weapon . | . . Parts Attached 13 | 6 7 Power 3 | 1 2 Engine 3 | 1 2 Core . | . . Reactor . | . . Propulsion 3 | 2 1 Treads . | . . Leg . | . . Wheel 3 | 2 1 Hover . | . . Flight . | . . Utility 2 | 1 1 Device . | . . Storage 1 | 1 . Processor . | . . Hackware 1 | . 1 Protection . | . . Artifact . | . . Weapon 5 | 2 3 Energy Gun 2 | 1 1 Energy Cannon 1 | . 1 Ballistic Gun 1 | 1 . Ballistic Cannon 1 | . 1 Launcher . | . . Special Weapon . | . . Impact Weapon . | . . Slashing Weapon . | . . Piercing Weapon . | . . Special Melee Weapon . | . . Unidentified Prototypes . | . . Parts Lost 1 | . 1 Power . | . . Propulsion 1 | . 1 Utility . | . . Weapon . | . . Highest Loss Streak 1 | . 1 To Critical Strikes . | . . Average Slot Usage (%) 93 | . 93 Engine 14 | . 14 Wheel 27 | . 27 Storage 14 | . 14 Hackware 9 | . 9 Energy Gun 10 | . 10 Energy Cannon 2 | . 2 Ballistic Gun 1 | . 1 Ballistic Cannon 12 | . 12 Naked Turns . | . . Heaviest Build 16 | 14 16 Greatest Support 32 | 32 32 Greatest Overweight (x) . | . . Average Overweight (x) . | . . Largest Inventory Capacity 8 | 8 8 Average Capacity 7 | 7 8 Most Carried 4 | 2 4 Average Carried 1 | . 2 Final Capacity 8 | 8 8 Final Carried 3 | 1 3 Class Distribution -------------------- 100% | Mutant Dominant Class ---------------- Mutant | -10/Materials Resources | -11 -10 ----------- Run | Jun Mat Matter Collected 512 | 224 288 Remotely . | . . Salvage Created 452 | . 452 Parts 29 | . 29 Haulers Intercepted 2 | . 2 Recyclers Shooed . | . . Parts Field Recycled . | . . Retrieved Matter . | . . Parts Self-Destructed . | . . Prevented . | . . Kills | -11 -10 ------- Run | Jun Mat Combat Hostiles Destroyed 12 | . 12 Guns 5 | . 5 Cannons 7 | . 7 Classes Destroyed 5 | . 5 Hauler 2 | . 2 Operator 2 | . 2 Watcher 2 | . 2 Swarmer 3 | . 3 Grunt 9 | . 9 Best Kill Streak 3 | . 3 Combat Bots Only 3 | . 3 Max Kills in Single Turn 1 | . 1 Gunslinging . | . . Exploded . | . . Melee . | . . Uniques/NPCs Destroyed . | . . Combat | -11 -10 -------- Run | Jun Mat Damage Taken 591 | . 591 Core 251 | . 251 Absorbed by Shields . | . . Regen/Repaired (Parts) 23 | . 23 Core Remaining (%) 100 | 100 . Volleys Fired 58 | . 58 Largest 2 | . 2 Hottest 95 | . 95 Shots Fired 116 | . 116 Gun 58 | . 58 Cannon 58 | . 58 Launcher . | . . Special . | . . Kinetic 58 | . 58 Thermal 58 | . 58 Explosive . | . . Electromagnetic . | . . Robot Hit Streak 12 | . 12 Robot Miss Streak 3 | . 3 Penetration Max . | . . Secondary Targets . | . . Shots Hit Robots 70 | . 70 Core Hits 29 | . 29 Critical Kills . | . . Critical Parts Destroyed . | . . Critical Strikes 9 | . 9 Burn 7 | . 7 Blast 2 | . 2 Melee Attacks . | . . Impact . | . . Slashing . | . . Piercing . | . . Sneak Attacks . | . . Combat Hostiles . | . . Follow-up Attacks . | . . Damage Inflicted 1058 | . 1058 Guns 498 | . 498 Cannons 560 | . 560 Explosions . | . . Melee . | . . Ramming . | . . Kinetic 599 | . 599 Thermal 459 | . 459 Explosive . | . . Electromagnetic . | . . Impact . | . . Slashing . | . . Piercing . | . . Highest Corruption . | . . Average Corruption . | . . Corruption Purged . | . . Corruption Blocked . | . . Overload Shots . | . . Overflow Damage . | . . Projectiles . | . . Explosions . | . . Melee . | . . Knockbacks 8 | . 8 Impact . | . . Kinetic 7 | . 7 Secondary 1 | . 1 Self-Inflicted Damage 84 | . 84 Shots 1 | . 1 Rammed . | . . Targets Rammed . | . . Kicked . | . . Crushed . | . . Highest Temperature 388 | . 388 Average Temperature 91 | . 91 Received Heat Transfer 285 | . 285 Effects 1 | . 1 Shutdowns 1 | . 1 Siege Activations . | . . Robots Corrupted . | . . Combat Hostiles . | . . Parts Fried . | . . Impact Corruptions . | . . Robots Melted . | . . Combat Hostiles . | . . Parts Melted 2 | . 2 Heat Transferred 1850 | . 1850 Parts Sabotaged . | . . Parts Stolen . | . . Parts Stripped . | . . Power Chain Reactions . | . . Missiles Intercepted . | . . Alert | -11 -10 ------- Run | Jun Mat Peak Influence 344 | . 344 Initial . | . . Average 95 | . 125 Maximum Alert Level 1 | . 1 Low Security (%) 80 | 100 74 Level 1 19 | . 25 Level 2 . | . . Level 3 . | . . Level 4 . | . . Level 5 . | . . High Security . | . . Max Security . | . . Squads Dispatched 3 | . 3 Investigation 1 | . 1 Extermination . | . . Reinforcement 2 | . 2 Assault . | . . Garrison . | . . Intercept . | . . Searches Triggered . | . . Construction Impeded . | . . Haulers Reinforced . | . . Active Scanning Responses . | . . Cargo Convoy Interrupts . | . . Stealth | -11 -10 --------- Run | Jun Mat Distress Signals 2 | . 2 Communications Jammed . | . . Distress Signals . | . . Times Spotted 26 | . 26 Peak Tracking Total 5 | . 5 Tactical Retreats 2 | . 2 Traps | -11 -10 ------- Run | Jun Mat Traps Triggered 1 | . 1 Indirectly . | . . Trap Hack Attempts . | . . Triggered . | . . Disarmed . | . . Reprogrammed . | . . Reused . | . . Traps Extracted . | . . Installed . | . . Triggered . | . . Machines | -11 -10 ---------- Run | Jun Mat Machines Disabled 4 | . 4 Max in Single Turn 2 | . 2 Machines Repaired . | . . Machines Sabotaged . | . . Overloaded Fab Kills . | . . Hacking | -11 -10 --------- Run | Jun Mat Machines Accessed 4 | . 4 Terminals 2 | . 2 Fabricators . | . . Repair Stations 1 | . 1 Recycling Units 1 | . 1 Scanalyzers . | . . Garrison Access . | . . Total Hacks 7 | . 7 Successful 6 | . 6 Failed 1 | . 1 Catastrophic . | . . Database Lockouts . | . . Manual . | . . Terminals 3 | . 3 Fabricators . | . . Repair Stations 2 | . 2 Recycling Units 2 | . 2 Scanalyzers . | . . Garrison Access . | . . Terminal Hacks 2 | . 2 Unreport Threat 1 | . 1 Registered Components 1 | . 1 Fabricator Hacks . | . . Repair Station Hacks 2 | . 2 Scan Component 1 | . 1 Repair 1 | . 1 Recycling Unit Hacks 2 | . 2 Report Inventory 1 | . 1 Retrieve Components 1 | . 1 Scanalyzer . | . . Garrison Access Hacks . | . . Unauthorized Hacks . | . . Terminals . | . . Fabricators . | . . Repair Stations . | . . Recycling Units . | . . Scanalyzers . | . . Garrison Access . | . . Data Cores Recovered . | . . Used . | . . Hacking Detections 4 | . 4 Full Trace Events . | . . Feedback Events . | . . Feedback Blocked . | . . Robot Schematics Acquired . | . . Robots Built . | . . Authchips . | . . Time . | . . Total Robot Build Rating . | . . Part Schematics Acquired . | . . Parts Built . | . . Authchips . | . . Time . | . . Total Part Build Rating . | . . Parts Repaired 1 | . 1 Time 26 | . 26 Parts Recycled . | . . Recycled Matter . | . . Retrieved Matter . | . . Retrieved Components 9 | . 9 Parts Scanalyzed . | . . Part Schematics Acquired . | . . Parts Damaged . | . . Bothacking | -11 -10 ------------ Run | Jun Mat Used RIF Installer . | . . Robots Hacked . | . . Non-combat . | . . Combat . | . . Robot Hacks Applied . | . . Relay Couplers Released . | . . Fabnet Peak Effective % . | . . Robots Rewired . | . . Allies Hacked . | . . Hacks Repelled . | . . Allies | -11 -10 -------- Run | Jun Mat Total Allies . | . . Largest Group . | . . Highest-Rated Group . | . . Highest-Rated Ally . | . . Total Orders . | . . Ally Attacks . | . . Total Damage . | . . Kills . | . . Allies Corrupted . | . . Allies Melted . | . . Intel | -11 -10 ------- Run | Jun Mat Robot Analysis Total . | . . Derelict Logs Recovered . | . . Drone Launches . | . . Drone Recoveries . | . . Exploration | -11 -10 ------------- Run | Jun Mat Turns Passed 1126 | 270 856 Spaces Moved 643 | 89 554 Core 5 | 5 . Treads . | . . Legs . | . . Wheels 638 | 84 554 Hover . | . . Flight . | . . Fastest Speed 50 | 50 100 Average Speed 99 | 97 100 Slowest Speed 100 | 100 100 Overloaded Moves . | . . Propulsion Burnouts . | . . Robots Hopped . | . . Cave-ins Triggered . | . . Exploration Rate (%) 48 | 8 89 Regions Visited 1 Branch Regions . Pre-discovered Areas . | . . Known Exits Taken . | . . Unknown Exits Taken 1 | 1 . Scrap Searched . | . . Spaces Dug . | . . Terrain Destroyed . | . . Melee . | . . Projectile . | . . AOE . | . . Terrain Rammed . | . . Walls Destroyed . | . . Machines Disabled . | . . Actions | -11 -10 --------- Run | Jun Mat Total 1012 | 272 740 Wait 281 | 171 110 Move 642 | 88 554 Hop . | . . Pick Up 15 | 7 8 Fast Attach . | . . Attach 9 | 6 3 Detach . | . . Swap 4 | . 4 Drop 3 | . 3 Fire 58 | . 58 Melee . | . . Ram . | . . Kick . | . . Crush . | . . Escape Stasis . | . . Rewire . | . . Trap . | . . Miscellaneous . | . . Route ------- -11/Junkyard -10/Materials (discovered 3 exits: [*Mat x2] / [*Min]) History --------- Turn | Location | Event 17 | -11/Junkyard | Discovered new exit (range 15) 271 | -11/Junkyard | Entered Materials 310 | -10/Materials | Build established: Mutant 352 | -10/Materials | Discovered new exit (range 15) 585 | -10/Materials | Repaired Med. Laser 751 | -10/Materials | Discovered new exit (range 3) 897 | -10/Materials | Core integrity fell below 50% 954 | -10/Materials | Discovered new exit (range 5) 1127 | -10/Materials | Destroyed self via exploding Fusion Modulator Last Messages --------------- Hover Unit Lgt. Ion Engine Particle Gun Ion Engine Sml. Laser Flight Unit Heat Sink Med. Laser 01092_ K-01 Serf cleans the Fusion Modulator. 01098_ W-16 Scout knocked back. 01100_ K-01 Serf cleans the Fusion Modulator. 01107_ G-34 Mercenary Aluminum Leg blasted off. 01111_ K-01 Serf cleans the Fusion Modulator. 01116_ G-34 Mercenary knocked back. 01119_ K-01 Serf cleans the Fusion Modulator. 01122_ R-06 Scavenger collects Aluminum Leg. 01122_ G-34 Mercenary destroyed. 01125_ K-01 Serf collects debris. 01125_ R-06 Scavenger collects Heat Sink. 01127_ Fusion Modulator explodes. Map ----- +----------------------------------------------------+ | ?????????????????????????????????????????????????? | | ??????????????????????###########????????????????? | | ####################### """ #????????????????? | | + """"" +????????????????? | | ##### ##### """"" #????????????????? | | #???# """ #???# """"" #????????????????? | | #???# """ ! #???# """ #????????????????? | | ###?# """ #####+###?# #######??????????? | | ### # #?# [ ##!!!!##?????????? | | + + #?# #! !#?????????? | | ###+##### # #?#####;##### #?????????? | | # #?# #########????# #### ###???????? | | # ### ############## #????? | | # + r%u ###############????? | | ###""" ################# % #?????#####????????? | | ??#""" ## #??????# %k #?????# ########## | | ??#""" ## ! #??????# g #?????# # ] | | ??# ## ########g ####### # "" | | ###+######""" # T # T" | | #????#""" # # """ "" | | ##########""" + % + """ | | ???# # # # """ | | ##?# """ #""" ## # """ | | #?# """ #""" ## ########## # | | #?# """ #""" ## k ##########+########## | | #?# """ # !## @ # #???????? | | #?# ########## # "" #???????? | | #?# """ ########## % # T" #???????? | | #?# """ # =*![# + """ "" #???????? | | #?# """ # "Y"[# k %# """ #???????? | | #?# """ # """=# # """ ######### | | #?# # ! ![*+ % """ # # | | ##?# ########## k""" % ############# """ | | #######+## ##% """ ####### # """ | | % %% # """ | | < % + """ | | # """ | | #######+##" "## #####w######## # | | #??# #" |"| "## #???# #??????### # !! | | ???# #"""""""## #####+##???????# # ! | | ???# " ########## # %%#???????# ######### | | ???# """ ########## # %|!#???????# #???????? | | ???# """ # #% # |!######### #???????? | | ???# """ # "T" =| #% # ## # #???????? | | ???# "" # =| + + ## "" # ^#???????? | | #### """ # % # # ## Y" + ^ #???????? | | + "" ########## ####+#### "" # #???????? | | #### """ # # ### #### # #???????? | | ???# " # # + !# #???????? | | ???# # + ########## #???????? | +----------------------------------------------------+ Best States ------------- Heat Dissipation 25 Energy Generation 10 Energy Capacity 250 Matter Stores 300 Matter Capacity 300 Sight Range 16 Terrain Scan Density 10 Evasion (%) 40 Offensive Hacking 10 Item Schematics ----------------- None Robot Schematics ------------------ None Fabricated ------------ Nothing Alien Tech Used ----------------- None Achievements -------------- Everything Is Under Control Challenges ------------ None Game ------ Seed LinkedEnhancedArray Manual? 0 Play Time 00:15:16 Cumulative 12.0 hours Start 2023.11.09 @ 04:49:10 End 2023.11.09 @ 05:00:08 Sessions 1 Manual Loads 0 Difficulty Rogue Special Mode None Game No. 31 Rogue 31 Adventurer 0 Explorer 0 Win Type - Total 0 Types 0/0/0/0/0/0/0/0/0 Lore% 6 Gallery% 17 Achievement% 10 Wizard Run 0 Options --------- ASCII 0 Keyboard 0 Movement Mouse Keybinds 0 Fullscreen 1 Font 24/Smallcaps Map View 76x50 Tactical HUD 1 Map Filters NONE Filters NONE Steam 1 RUN: f04377bf-434d-4bc3-9b73-2fb7314463b4